 Dungeon Crawl Stone Soup version 0.30-b1-2-g02819fbbbe (webtiles) character file.

Game seed: 1502921743877254009

114 Mysteryquy the Cudgeller (level 4, -2/45 HPs)
             Began as a Gargoyle Berserker on May 3, 2023.
             Was a Believer of Trog.
             Slain by a worm (7 damage)
             ... in a sewer.
             The game lasted 00:02:05 (1342 turns).

Mysteryquy the Cudgeller (Gargoyle Berserker)       Turns: 1342, Time: 00:02:05

Health: -2/45      AC:  6    Str: 23    XL:     4   Next: 97%
Magic:  4/4        EV: 12    Int:  7    God:    Trog [**....]
Gold:   108        SH:  0    Dex:  9    Spells: 3/3 levels left

rFire   . . .        a - +0 mace
rCold   . . .        (no shield)
rNeg    + . .        b - +0 animal skin
rPois   ∞            (no helmet)
rElec   +            (no cloak)
rCorr   .            k - +0 pair of gloves
SInv    .            (no boots)
Will    .....        (no amulet) Stlth
                     (no ring)
HPRegen 0.27/turn    (no ring)
MPRegen 0.09/turn

%: no passive effects
@: berserking, very quick
A: sickness immunity, AC +3, negative energy resistance 1, electricity
resistance, torment resistance 1, petrification resistance
a: Renounce Religion, Berserk, Trog's Hand


You were in a sewer.
You worshipped Trog.
Trog was pleased with you.
You visited 1 branch of the dungeon, and saw 3 of its levels.
You also visited: Sewer.

You collected 108 gold pieces.

Inventory:

Hand Weapons
 a - a +0 mace (weapon)
Armour
 b - a +0 animal skin (worn)
 k - a +0 pair of gloves (worn)
Wands
 f - a wand of flame (5)
Scrolls
 h - a scroll of amnesia {unknown}
 i - a scroll of identify {unknown}
 j - a scroll of teleportation {unknown}
 n - a scroll of fear {unknown}
Potions
 c - a potion of flight {unknown}
 d - a potion of haste {unknown}
 e - a potion of might {unknown}
 g - a potion of degeneration {unknown}
 l - 3 potions of curing {unknown}
 m - 2 potions of heal wounds {unknown}


   Skills:
 + Level 4.5 Fighting
 + Level 4.5 Maces & Flails
 - Level 2.2 Armour
 - Level 1.7 Dodging


You had 3 spell levels left.
You didn't know any spells.
Your spell library was empty.

Dungeon Overview and Level Annotations

Branches:
Dungeon (3/15)              Sewer (1/1)

Altars:


Innate Abilities, Weirdness & Mutations

You are immune to sickness and miasma.
Your stone body is resilient. (AC +3)
You are immune to poison.
You resist negative energy. (rN+)
You are resistant to electric shocks. (rElec)
You are resistant to unholy torment.
You are immune to petrification.


Message History

You barely miss the river rat. The river rat closely misses you.
You closely miss the river rat. The river rat barely misses you.
You hit the river rat.
The river rat is lightly wounded.
The river rat bites you but does no damage.
The worm closely misses you.
You closely miss the river rat.
The river rat is lightly wounded.
The river rat bites you! The worm bites you!
You sock the river rat!
The river rat is almost dead.
The river rat closely misses you.
You closely miss the river rat.
The river rat is almost dead.
The river rat bites you. The worm bites you.
* * * LOW HITPOINT WARNING * * *
The river rat twitches its whiskers.
The river rat closely misses you.
You hit the river rat but do no damage.
The river rat is almost dead.
The river rat barely misses you. The worm bites you but does no damage.
A red film seems to cover your vision as you go berserk!
You feel yourself moving faster!
You feel mighty! The river rat misses you.
You barely miss the river rat.
The river rat is almost dead.
The worm barely misses you. The river rat bites you.
* * * LOW HITPOINT WARNING * * *
You sock the river rat!
You kill the river rat!
Trog accepts your kill.
You sock the worm!
The worm is heavily wounded.
The worm bites you!
* * * LOW HITPOINT WARNING * * *
You barely miss the worm.
The worm is heavily wounded.
You completely miss the worm.
The worm is heavily wounded.
The worm bites you!
You die...

####
##...##
##.....##.
#.w†......
#.@.......
#∩.....###
###∩.###
###


You could see a worm.

Vanquished Creatures
  Robin (D:2)
  6 adders (D:2)
  A river rat (Sewer)
  2 endoplasms
  8 goblins
  3 hobgoblins (D:1)
  3 jackals (D:1)
  4 kobolds
  9 ball pythons
  A bat (D:3)
  A frilled lizard (D:1)
  2 rats
41 creatures vanquished.

Vanquished Creatures (others)
  A goblin (D:2)
1 creature vanquished.

Grand Total: 42 creatures vanquished

Notes
Turn   | Place    | Note
-------+----------+-------------------------------------------
     0 | D:1      | Mysteryquy the Gargoyle Berserker began the quest for the
                  | Orb.
     0 | D:1      | Reached XP level 1. HP: 14/14 MP: 1/1
   143 | D:1      | Reached XP level 2. HP: 11/19 MP: 2/2
   258 | D:1      | You fall into a shaft and drop 1 floor!
   312 | D:2      | Noticed Robin
   511 | D:1      | Reached XP level 3. HP: 11/24 MP: 3/3
   566 | D:2      | Killed Robin
   636 | D:2      | Reached ** piety under Trog
   882 | D:2      | Reached XP level 4. HP: 29/29 MP: 4/4
  1312 | D:3      | Found a glowing drain.
  1327 | Sewer    | Entered a sewer
  1342 | Sewer    | Slain by a worm

Illustrated notes

Levels and vault maps discovered:
D:1:      wander_arrival_estate, layout_loops_cross,
          chequers_serial_rivers_marsh, serial_bayou_pond_c,
          corexii_item_surrounded_by_moat, minmay_pentomino_o4
D:2:      layout_rooms, serial_corexii_hall, chequers_hall_statues_wall_a,
          corexii_hall_statues_x, minivault_27, minmay_snake_closets, uniq_robin
D:3:      layout_basic, nemelex_spade_bored_becter,
          regret_index_temple_of_mockery, cheibrodos_sewer_entry_sluice,
          minmay_misc_feat_tower
Sewer:    sewer_fruit_machine

Skill      XL: |  1  2  3 |
---------------+----------+-----
Fighting       | 4 |  4.5
Maces & Flails | 4 |  4.5
Armour         | |  2.2
Dodging        | |  1.7

Action                     |  1- 3 |  4- 6 || total
---------------------------+-------+-------++-------
  Melee: Mace              |   109 |    43 ||   152
 Invoke: Berserk           |     1 |     1 ||     2
   Stab: Sleeping          |     1 |     1 ||     2
         Distracted        |       |     1 ||     1
 Armour: Animal skin       |    54 |    17 ||    71
  Dodge: Dodged            |   107 |    25 ||   132
